 Dungeon Crawl Stone Soup version 0.29-a0-322-g68df515428 (webtiles) character file.

Game seed: 17576726339906811378

1488 kae the Firebug (level 8, -1/46 HPs)
             Began as a Tengu Fire Elementalist on Apr 8, 2022.
             Was an Initiate of Sif Muna.
             Shot with an arrow by a centaur (4 damage)
             ... on level 6 of the Dungeon.
             The game lasted 00:04:55 (9922 turns).

kae the Firebug (Tengu Fire Elementalist)           Turns: 9922, Time: 00:04:56

Health: -1/46      AC:  4    Str:  9    XL:     8   Next: 80%
Magic:  2/15       EV: 16    Int: 17    God:    Sif Muna [......]
Gold:   90         SH:  5    Dex: 15    Spells: 6/15 levels left

rFire   . . .      SeeInvis +   u - staff of conjuration
rCold   . . .      Faith    .   e - +0 buckler
rNeg    . . .      Spirit   .   a - +0 robe
rPois   .          Reflect  .   t - +2 hat
rElec   .          Harm     .   (no cloak)
rCorr   .          Rampage  .   (no gloves)
Will    .....                   (boots unavailable)
Stlth   ++........              (no amulet)
HPRegen 0.15/turn               q - ring of see invisible
MPRegen 0.14/turn               (no ring)

@: flying quickly and evasively, quick
A: beak, talons 3, nimble flight
a: Renounce Religion


You were on level 6 of the Dungeon.
You worshipped Sif Muna.
Sif Muna was noncommittal.
You visited 2 branches of the dungeon, and saw 7 of its levels.

You collected 186 gold pieces.
You spent 96 gold pieces at shops.

Inventory:

Hand Weapons
 p - a +1 flail
Missiles
 i - a throwing net
Armour
 a - a +0 robe (worn)
 e - a +0 buckler (worn)
 t - a +2 hat (worn)
Magical Staves
 u - a staff of conjuration (weapon)
Jewellery
 q - a ring of see invisible (left hand)
Scrolls
 j - 3 scrolls of immolation
 o - a scroll of teleportation
 r - a scroll of magic mapping
 s - 4 scrolls of enchant weapon
Potions
 b - 2 potions of magic
 c - a potion of berserk rage
 d - 2 potions of lignification
 f - 2 potions of curing
 g - a potion of might
 h - 2 potions of flight {unknown}
 k - 3 potions of degeneration {unknown}
 l - a potion of mutation {unknown}
 m - a potion of attraction {unknown}
 n - a potion of heal wounds


   Skills:
 + Level 3.5 Fighting
 + Level 0.6 Staves
 + Level 4.1 Armour
 + Level 4.7 Dodging
 - Level 2.0 Stealth
 + Level 3.7 Shields
 + Level 4.0 Spellcasting
 + Level 5.3 Conjurations
 + Level 5.4 Fire Magic
 + Level 0.3 Invocations
 + Level 0.3 Evocations


You had 6 spell levels left.
You knew the following spells:

 Your Spells              Type           Power      Damage    Failure   Level
a - Foxfire               Conj/Fire      100%       2x1d9     2%          1
b - Scorch                Fire           42%        2d7       3%          2
c - Conjure Flame         Conj/Fire      32%        6-21      7%          3
d - Inner Flame           Hex/Fire       12%        N/A       21%         3

Your spell library contained the following spells:

 Spells                   Type           Power      Damage    Failure   Level
 Flame Wave               Conj/Fire      32%        2d8       22%         4
 Blink                    Tloc           6%         N/A       30%         2
 Ice Form                 Ice/Tmut       3%         N/A       90%         4


Dungeon Overview and Level Annotations

Branches:
Dungeon (6/15)             Temple (1/1) D:5

Altars:
Ashenzari
Cheibriados
Dithmenos
Elyvilon
Fedhas
Hepliaklqana
Makhleb
Nemelex Xobeh
Okawaru
Qazlal
Ru
Sif Muna
Trog
Vehumet
Wu Jian
Xom
Yredelemnul
The Shining One

Shops:
D:4 (!(

Annotations:
D:3 1 transporter, Tribosh's ghost, amateur DsHu
D:4 2 runed translucent doors, Gnu's ghost, amateur DrTm
D:5 Grinder


Innate Abilities, Weirdness & Mutations

You have a beak for a mouth.
You have claws for feet.
Your magical nature lets you fly swiftly and evasively.


Message History

Confirm with . or Enter, or press ? or * to list all spells.
You feel a surge of power!
You conjure some foxfire!
The orc priest mumbles some strange prayers to Beogh against you.
You struggle to resist.
The foxfire hits the orc priest but does no damage.
The orc priest is moderately wounded.
The foxfire hits the orc priest!
The orc priest is almost dead.
Casting: Foxfire (safe; 2% risk of failure)
Confirm with . or Enter, or press ? or * to list all spells.
You feel a surge of power!
You conjure some foxfire!
An orc comes into view. It is wielding a +0 club.
The orc priest barely misses you.
The foxfire hits the orc priest but does no damage.
The orc priest is almost dead.
The foxfire hits the orc priest.
You kill the orc priest!
Sif Muna accepts your kill.
Casting: Foxfire (safe; 2% risk of failure)
Confirm with . or Enter, or press ? or * to list all spells.
You feel a surge of power!
You conjure some foxfire!
A centaur comes into view.
The foxfire hits the orc!
You kill the orc!
Sif Muna accepts your kill.
The foxfire hits the orc!
You kill the orc!
Sif Muna accepts your kill.
The centaur wields a +0 shortbow.
The centaur shoots an arrow.
The arrow hits you!
* * * LOW HITPOINT WARNING * * *
Casting: Foxfire (safe; 2% risk of failure)
Confirm with . or Enter, or press ? or * to list all spells.
You feel a surge of power!
You conjure some foxfire!
The foxfire hits the centaur.
The centaur is lightly wounded.
The foxfire hits the centaur.
The centaur is moderately wounded.
The centaur shoots an arrow.
The arrow hits you.
You die...

..... ##..#
.....###..#### ..
.............# .
#)........# .
#)c.......# o#
#.........####5#
#..§§.....#....####
#...§§....#.).....[
#...@.....#..§.#
######.........#
#.###.....# ...#
#?..$.# #####
#.##### ... .#. ##
.# .#


You could see a centaur.

Vanquished Creatures
  An ice beast (D:5)
  2 black bears
  A centaur (D:5)
  A phantom (D:4)
  3 scorpions
  2 necrophages (D:5)
  A howler monkey (D:5)
  4 hounds
  2 gnoll shamans (D:5)
  4 orc priests (D:6)
  2 iguanas
  5 orc wizards
  8 gnolls
  5 adders
  A shadow imp (D:5)
  23 orcs
  2 endoplasms (D:4)
  4 giant cockroaches
  10 hobgoblins
  3 jackals (D:3)
  2 quokkas
  9 ball pythons
  6 bats
  6 frilled lizards
  7 goblins
  6 kobolds
  6 rats
126 creatures vanquished.

Vanquished Creatures (others)
  410 foxfires
410 creatures vanquished.

Grand Total: 536 creatures vanquished

Notes
Turn   | Place    | Note
-------+----------+-------------------------------------------
     0 | D:1      | kae the Tengu Fire Elementalist began the quest for the
                  | Orb.
     0 | D:1      | Reached XP level 1. HP: 10/10 MP: 4/4
   341 | D:1      | Reached XP level 2. HP: 15/15 MP: 0/6
  1462 | D:2      | Reached XP level 3. HP: 13/20 MP: 2/7
  1682 | D:2      | Reached skill level 1 in Armour
  1694 | D:2      | Reached skill level 1 in Fighting
  1699 | D:2      | Learned a level 2 spell: Scorch
  1703 | D:2      | Learned a level 3 spell: Conjure Flame
  2160 | D:2      | Reached skill level 1 in Shields
  2160 | D:2      | Reached XP level 4. HP: 25/25 MP: 2/8
  2440 | D:3      | Found a broken altar of Ashenzari.
  2440 | D:3      | Found a radiant altar of Vehumet.
  2499 | D:3      | Found a transporter.
  2511 | D:3      | Noticed Tribosh's ghost (amateur DsHu)
  2513 | D:3      | Noticed an ogre
  3492 | D:3      | Noticed an ogre
  3493 | D:3      | Noticed an ogre
  3687 | D:4      | Gained mutation: Your magical nature lets you fly swiftly
                  | and evasively. [Tengu growth]
  3687 | D:4      | Reached XP level 5. HP: 13/29 MP: 5/9
  3872 | D:4      | Found a large runed translucent door.
  3872 | D:4      | Found a large runed translucent door.
  3930 | D:4      | Noticed Gnu's ghost (amateur DrTm)
  4026 | D:4      | Found Nes Ikod's Distillery.
  4033 | D:4      | Bought a potion of curing for 36 gold pieces
  4033 | D:4      | Bought a potion of heal wounds for 60 gold pieces
  4215 | D:4      | Reached XP level 6. HP: 26/35 MP: 3/11
  4412 | D:4      | Found a burning altar of Makhleb.
  4413 | D:4      | Found a bloodstained altar of Trog.
  4414 | D:4      | Found a sacrificial altar of Ru.
  4419 | D:4      | Noticed a black bear
  4425 | D:4      | Killed a black bear
  4451 | D:4      | Found a hazy altar of Hepliaklqana.
  4634 | D:4      | Reached XP level 7. HP: 34/40 MP: 3/12
  4748 | D:4      | Found Reupatza's Antique Weapon Emporium.
  5033 | D:4      | Found Kitaics's Antique Weapon Shoppe.
  5302 | D:5      | Entered Level 5 of the Dungeon
  5465 | D:5      | Found a staircase to the Ecumenical Temple.
  5501 | D:5      | HP: 2/40 [poisoned by a scorpion]
  5512 | Temple   | Entered the Ecumenical Temple
  6044 | Temple   | Became a worshipper of Sif Muna the Loreminder
  6069 | Temple   | Learned a level 3 spell: Inner Flame
  6248 | D:5      | Got Wuseushre's Tome of the Shifting Compass
  6330 | D:5      | HP: 2/40 [poisoned by an orc wizard]
  6785 | D:5      | Reached XP level 8. HP: 41/45 MP: 7/14
  7106 | D:5      | HP: 2/46 [gnoll/+0 halberd (4)]
  7549 | D:5      | Reached skill level 5 in Fire Magic
  8161 | D:5      | Reached skill level 5 in Conjurations
  9189 | D:6      | Noticed Grinder
  9201 | D:6      | Paralysed by Grinder for 7 turns
  9838 | D:5      | Paralysed by Grinder for 7 turns
  9922 | D:6      | Shot with an arrow by a centaur

Illustrated notes

Levels and vault maps discovered:
D:1:      dpeg_arrival_rooms_a, layout_basic
D:2:      layout_rooms
D:3:      minmay_inner_zag, layout_basic, gammafunk_temple_overflow_wave,
          gammafunk_ghost_smash
D:4:      layout_basic, nicolae_overflow_quartered_altars, serial_rivers,
          chequers_serial_rivers_marsh, chequers_serial_rivers_room_b,
          chequers_serial_rivers_micro_e, chequers_serial_rivers_room_b,
          serial_shops, nicolae_stop_n_shop_1, nicolae_shop_waterfront,
          nicolae_shop_trees, ebering_ghost_disaster_area, st_stairs_13
D:5:      layout_basic, minmay_temple_entry_trees
D:6:      layout_rooms, pdpol_temple_overflow_zin_treasury_gozag_greed,
          grunt_decor_junction, uniq_grinder
Temple:   hc_temple_tempest_star

Skill      XL: |  1  2  3  4  5  6  7  8 |
---------------+-------------------------+-----
Conjurations   | 2 3 4 5 |  5.3
Armour         | 1 2 3 4 |  4.1
Fighting       | 1 2 3 |  3.5
Shields        | 1 2 3 |  3.7
Dodging        | 3 4 |  4.7
Fire Magic     | 4 5 |  5.4
Spellcasting   | 3 4 |  4.0
Staves         | |  0.6
Stealth        | |  2.0
Invocations    | |  0.3
Evocations     | |  0.3

Action                   |  1- 3 |  4- 6 |  7- 9 || total
-------------------------+-------+-------+-------++-------
Melee: Unarmed           |     9 |    10 |       ||    19
       Kick              |     1 |     2 |    13 ||    16
       Peck              |     1 |     1 |     4 ||     6
       Flail             |       |       |    28 ||    28
       Staff             |       |       |     2 ||     2
 Cast: Foxfire           |    64 |    89 |    84 ||   237
       Scorch            |     2 |    15 |    49 ||    66
       Conjure Flame     |       |       |     2 ||     2
  Use: Scroll            |     3 |     8 |     2 ||    13
       Potion            |       |       |     1 ||     1
Armor: Robe              |     8 |     5 |    27 ||    40
Dodge: Dodged            |    20 |    26 |   132 ||   178
Block: Buckler           |     7 |    10 |    44 ||    61

Table legend: (Time is in decaauts)
 A = Elapsed time spent in this place.
 B = Non-inter-level travel time spent in this place.
 C = Inter-level travel time spent in this place.
 D = Time resting spent in this place.
 E = Time spent auto-exploring this place.
 F = Levels seen in this place.
 G = Mean time per level.
                   A        B        C        D        E       F      G
               +--------+--------+--------+--------+--------+-----+--------+
         Total |   9692 |   9135 |    557 |   1968 |   6014 |   7 | 1384.6 |
       Dungeon |   9162 |   8657 |    505 |   1698 |   5824 |   6 | 1527.0 |
        Temple |    529 |    478 |     51 |    270 |    189 |   1 |  529.0 |
               +--------+--------+--------+--------+--------+-----+--------+

Top non-repeatable levels by time:
     D:5: 3264 daAuts
     D:4: 1996 daAuts
     D:3: 1232 daAuts
     D:2: 1199 daAuts
     D:1: 1184 daAuts
  Temple: 529 daAuts
     D:6: 285 daAuts
